 Dungeon Crawl Stone Soup version 0.24-a0-335-g06ca16a (webtiles) character file.

Game seed: 2703336131653919638

4662 mhoghedin the Slinger (level 10, -5/73 HPs)
             Began as a Mummy Hunter on May 18, 2019.
             Was a Believer of Ru.
             Slain by a killer bee (6 damage)
             ... on level 11 of the Dungeon.
             The game lasted 00:17:29 (9986 turns).

mhoghedin the Slinger (Mummy Hunter)                Turns: 9986, Time: 00:17:30

Health: -5/73      AC:  6    Str: 18    XL:     10   Next: 20%
Magic:  0/20       EV: 13    Int: 11    God:    Ru [**....]
Gold:   278        SH:  5    Dex: 13    Spells: 9/9 levels left

rFire    x . .     SeeInvis .   n - +2 dagger (venom)
rCold    + + .     Gourm    .   x - +0 buckler
rNeg     + + +     Faith    .   c - +1 leather armour
rPois    ∞         Spirit   +   (no helmet)
rElec    .         Reflect  .   w - scarf {Spirit}
rCorr    .         Harm     .   y - +0 pair of gloves {archery}
MR       +....                  g - +0 pair of boots
Stlth    ++........             (no amulet)
HPRegen  0.22/turn              q - ring of magical power {MP+9}
MPRegen  0.17/turn              i - ring of protection from cold {rC+, !d}

@: no status effects
A: no food or potions, fire vulnerability, cold resistance 1, negative energy
resistance 3, torment resistance, unbreathing, no conjurations magic, no hexes
magic, no poison magic, missing an eye
a: Renounce Religion


You were on level 11 of the Dungeon.
You worshipped Ru.
Ru was pleased with you.
You were not hungry.

You visited 2 branches of the dungeon, and saw 11 of its levels.
You also visited: Sewer.

You collected 718 gold pieces.
You spent 440 gold pieces at shops.

Inventory:

Hand Weapons
 a - a +2 hunting sling
 b - a +1 dagger of draining
   (You took it off a goblin on level 3 of the Dungeon)
 n - a +2 dagger of venom (weapon)
   (You took it off an orc wizard on level 9 of the Dungeon)
Missiles
 h - 218 stones
 k - 24 boomerangs (quivered)
Armour
 c - a +1 leather armour (worn)
 g - a +0 pair of boots (worn)
   (You found it on level 2 of the Dungeon)
 w - a scarf of spirit shield (worn)
   (You bought it in a shop on level 8 of the Dungeon)
 x - a +0 buckler (worn)
   (You bought it in a shop on level 8 of the Dungeon)
 y - a +0 pair of gloves of archery (worn)
   (You bought it in a shop on level 8 of the Dungeon)
Jewellery
 i - a ring of protection from cold (right hand) {rC+, !d}
   (You found it on level 2 of the Dungeon)
 p - an uncursed ring of magical power {MP+9}
   (You found it on level 7 of the Dungeon)
 q - a ring of magical power (left hand) {MP+9}
   (You found it on level 6 of the Dungeon)
Wands
 r - a wand of flame (27)
   (You found it on level 7 of the Dungeon)
 t - a wand of disintegration (11)
   (You found it on level 8 of the Dungeon)
 u - a wand of iceblast (5)
   (You took it off Maurice on level 8 of the Dungeon)
Scrolls
 d - a scroll of blinking {!r}
 e - 2 scrolls of identify
 f - a scroll of immolation {!r}
 j - 4 scrolls of amnesia
 l - 3 scrolls of teleportation
 m - 6 scrolls of remove curse
 o - a scroll of fear
 v - 3 scrolls of magic mapping {!r}


   Skills:
 + Level 4.8 Fighting
 - Level 4.9 Short Blades
 - Level 9.0 Slings
 + Level 3.9 Dodging
 - Level 2.2 Stealth
 - Level 5.1 Shields
 - Level 1.7 Evocations


You had 9 spell levels left.
You didn't know any spells.
Your spell library contained the following spells:

 Spells                   Type           Power        Failure   Level  Hunger
 Gell's Gravitas          Tloc           #.........   77%         3    N/A
 Petrify                  Tmut/Erth      #.......     99%         4    N/A
 Confusing Touch          Hex            Unusable     N/A         1    N/A
 Confuse                  Hex            Unusable     N/A         3    N/A
 Metabolic Englaciation   Hex/Ice        Unusable     N/A         5    N/A
 Yara's Violent Unravell  Hex/Tmut       Unusable     N/A         5    N/A

Dungeon Overview and Level Annotations

Branches:
Dungeon (9/15)             Temple (1/1) D:4             Orc (0/2) D:9
   Lair: D:8-11

Altars:
Ashenzari
Cheibriados
Dithmenos
Elyvilon
Fedhas
Gozag
Hepliaklqana
Kikubaaqudgha
Makhleb
Nemelex Xobeh
Okawaru
Qazlal
Ru
Sif Muna
Trog
Uskayaw
Vehumet
Wu Jian
Xom
Yredelemnul
Zin
The Shining One

Shops:
D:8 [

Annotations:
D:8 2 transporters


Innate Abilities, Weirdness & Mutations

You do not eat or drink.
Your flesh is vulnerable to fire.
You are immune to poison.
Your flesh is cold resistant. (rC+)
You are immune to negative energy. (rN+++)
You are immune to unholy pain and torment.
You can survive without breathing.
You cannot study or cast Conjurations magic.
You cannot study or cast Hexes magic.
You cannot study or cast Poison magic.
You are missing an eye, making it more difficult to aim.


Message History

You shoot a stone. The stone misses the killer bee.
The killer bee is stunned by your will and fails to attack.
The killer bee completely misses you. The killer bee closely misses you.
The killer bee misses you.
Firing (i - inventory. (/) - cycle)
h - 224 stones (quivered)
Aim: a killer bee (moderately wounded)
You shoot a stone. The stone hits the killer bee!
You redirect the killer bee's attack!
The killer bee closely misses the killer bee.
The killer bee stings you. The killer bee closely misses you.
You block the killer bee's attack. The killer bee misses you.
You take 3 damage, and have 64/73 hp.
Firing (i - inventory. (/) - cycle)
h - 223 stones (quivered)
Aim: a killer bee (almost dead)
You shoot a stone. The stone misses the killer bee.
The killer bee stings you. You block the killer bee's attack.
The killer bee stings you!
You focus your will and illuminate the killer bee in retribution!
The killer bee stings you.
You take 12 damage, and have 52/73 hp.
You now have 14/20 mp.
Firing (i - inventory. (/) - cycle)
h - 222 stones (quivered)
Aim: a killer bee (almost dead)
You shoot a stone. The stone hits the killer bee!
You kill the killer bee!
The killer bee closely misses you. You block the killer bee's attack.
Firing (i - inventory. (/) - cycle)
h - 221 stones (quivered)
Aim: a killer bee (softly glowing)
You shoot a stone. The stone hits the killer bee!
The killer bee misses you. The killer bee stings you!
The killer bee closely misses you.
You take 6 damage, and have 46/73 hp.
Firing (i - inventory. (/) - cycle)
h - 220 stones (quivered)
Aim: a killer bee (heavily wounded, softly glowing)
You shoot a stone.
The stone closely misses the killer bee.
The killer bee barely misses you.
The killer bee stings you but does no damage.
The killer bee closely misses you. The killer bee barely misses you.
The killer bee stings you.
You take 4 damage, and have 42/73 hp.
You now have 13/20 mp.
You are too injured to fight recklessly!
You are too injured to fight recklessly!
You are too injured to fight recklessly!
You are too injured to fight recklessly!
Firing (i - inventory. (/) - cycle)
h - 219 stones (quivered)
Aim: a killer bee (heavily wounded, softly glowing)
You shoot a stone. The stone hits the killer bee.
You block the killer bee's attack. The killer bee barely misses you.
The killer bee stings you. x2
You take 4 damage, and have 38/73 hp.
You now have 12/20 mp.
Wield which item (- for none, * to show all)? (? for menu, Esc to quit)
Your +2 dagger of venom begins to drip with poison!
n - a +2 dagger of venom (weapon)
You block the killer bee's attack. The killer bee stings you.
You focus your will and blind the killer bee in retribution!
The killer bee closely misses you.
You take 1 damage, and have 37/73 hp.
You hit the killer bee.
The killer bee stings you but does no damage.
The killer bee stings you!
The killer bee stings you but does no damage.
You block the killer bee's attack.
You take 6 damage, and have 31/73 hp.
You now have 11/20 mp.
You hit the killer bee.
You kill the killer bee!
The killer bee stings you. The killer bee barely misses you.
You take 5 damage, and have 26/73 hp.
You now have 10/20 mp.
You closely miss the killer bee. The killer bee closely misses you.
The killer bee stings you.
* * * LOW HITPOINT WARNING * * *
You focus your will and illuminate the killer bee in retribution!
The killer bee closely misses you. The killer bee stings you.
* * * LOW HITPOINT WARNING * * *
You take 9 damage, and have 17/73 hp.
You now have 7/20 mp.
You closely miss the killer bee. The killer bee closely misses you.
You block the killer bee's attack.
You miss the killer bee. The killer bee stings you!
* * * LOW HITPOINT WARNING * * *
You block the killer bee's attack. The killer bee stings you!
* * * LOW HITPOINT WARNING * * *
The killer bee misses you.
You take 9 damage, and have 8/73 hp.
You now have 2/20 mp.
You hit the killer bee. The killer bee completely misses you.
The killer bee stings you.
* * * LOW HITPOINT WARNING * * *
You take 3 damage, and have 5/73 hp.
You now have 1/20 mp.
Okay, then.
Okay, then.
Unknown command.
The killer bee stings you.
* * * LOW HITPOINT WARNING * * *
You focus your will and illuminate the killer bee in retribution!
The killer bee stings you.
* * * LOW HITPOINT WARNING * * *
The killer bee misses you.
You take 4 damage, and have 1/73 hp.
You now have 0/20 mp.
The mass of ice explodes!
The iceblast engulfs the killer bee!
You kill the killer bee!
The killer bee barely misses you. The killer bee completely misses you.
The mass of ice explodes!
The iceblast engulfs the killer bee!
The killer bee closely misses you. The killer bee stings you.
You die...

####+######
##.(..(....#
#.........!#
#.....(....#
#(...(y@...#
####+#######


You could see a killer bee.

Vanquished Creatures
  Maurice (D:8)
  A hornet (D:8)
  A wyvern (D:9)
  2 yaks (D:8)
  A water moccasin (D:9)
  2 ice beasts (D:8)
  4 orc warriors (D:9)
  A phantom (D:9)
  2 ogres (D:8)
  A big kobold (D:8)
  6 bullfrogs
  2 scorpions
  9 killer bees
  2 howler monkeys
  4 crimson imps
  A quasit (D:5)
  A bullfrog zombie (D:5)
  2 jellies
  A hound (D:8)
  4 orc priests
  2 centaur skeletons
  4 iguanas
  Natasha (twice) (D:4)
  6 orc wizards
  4 worker ants
  7 gnolls
  9 adders
  2 shadow imps
  An ooze (D:4)
  2 worms
  10 leopard geckos
  22 orcs
  5 giant cockroaches
  7 goblins
  8 hobgoblins
  13 jackals
  6 kobolds
  4 quokkas
  10 bats
  7 frilled lizards
  2 leopard gecko skeletons
  5 rats
186 creatures vanquished.

Vanquished Creatures (collateral kills)
  A two-headed ogre (D:9)
  A bat (Sewer)
  A kobold (Sewer)
3 creatures vanquished.

Vanquished Creatures (others)
  A yak (D:8)
  A water moccasin (D:9)
  An orc (D:9)
3 creatures vanquished.

Grand Total: 192 creatures vanquished

Notes
Turn   | Place    | Note
-------+----------+-------------------------------------------
     0 | D:1      | mhoghedin the Mummy Hunter began the quest for the Orb.
     0 | D:1      | Reached XP level 1. HP: 16/16 MP: 1/1
   293 | D:1      | Reached XP level 2. HP: 22/22 MP: 2/2
   526 | D:1      | Reached skill level 4 in Slings
   836 | D:1      | Reached XP level 3. HP: 27/27 MP: 3/3
  1010 | D:2      | Reached XP level 4. HP: 24/33 MP: 4/4
  1575 | D:3      | Reached skill level 5 in Slings
  1815 | D:3      | Found a deep blue altar of Sif Muna.
  1826 | D:3      | Reached XP level 5. HP: 38/38 MP: 5/5
  2280 | D:4      | Noticed Natasha
  2284 | D:4      | Killed Natasha
  2309 | D:4      | Reached skill level 6 in Slings
  2323 | D:4      | Reached XP level 6. HP: 38/44 MP: 6/6
  2750 | D:4      | Noticed Natasha
  2760 | D:4      | Killed Natasha
  2803 | D:4      | Found a staircase to the Ecumenical Temple.
  2809 | Temple   | Entered the Ecumenical Temple
  3060 | Temple   | Became a worshipper of Ru the Awakened
  3203 | D:5      | Entered Level 5 of the Dungeon
  3248 | D:5      | Reached skill level 7 in Slings
  3255 | D:5      | Reached XP level 7. HP: 31/50 MP: 7/7
  3741 | D:5      | HP: 9/50 [bullfrog zombie (4)]
  4722 | D:6      | Reached skill level 8 in Slings
  4724 | D:6      | Gained mutation: You cannot study or cast Poison magic. [Ru
                  | sacrifice]
  4724 | D:6      | Gained mutation: You cannot study or cast Hexes magic. [Ru
                  | sacrifice]
  4724 | D:6      | Gained mutation: You cannot study or cast Conjurations
                  | magic. [Ru sacrifice]
  4724 | D:6      | Reached * piety under Ru
  4919 | D:6      | Found a glowing drain.
  4945 | Sewer    | Entered a sewer
  5074 | Sewer    | Noticed Purgy
  5538 | D:7      | Reached XP level 8. HP: 47/56 MP: 8/8
  5749 | D:7      | Reached skill level 9 in Slings
  6253 | D:8      | Found a transporter.
  6261 | D:8      | Noticed a slime creature
  6262 | D:8      | Found a transporter.
  6263 | D:8      | Noticed a slime creature
  6264 | D:8      | Noticed a slime creature
  6264 | D:8      | Noticed a slime creature
  6323 | D:8      | Reached skill level 2 in Dodging
  6360 | D:8      | Reached skill level 1 in Short Blades
  6561 | D:8      | Reached skill level 2 in Short Blades
  6727 | D:8      | Noticed Maurice
  6730 | D:8      | Reached skill level 3 in Short Blades
  6741 | D:8      | Killed Maurice
  6741 | D:8      | Reached skill level 4 in Short Blades
  6757 | D:8      | Reached XP level 9. HP: 39/62 MP: 9/9
  6948 | D:8      | Reached skill level 1 in Stealth
  7200 | D:8      | Reached skill level 1 in Evocations
  7414 | D:8      | Reached skill level 2 in Stealth
  7441 | D:8      | Found Kaiw's Antique Armour Shop.
  7449 | D:8      | Bought a runed scarf for 176 gold pieces
  7449 | D:8      | Bought a buckler for 99 gold pieces
  7449 | D:8      | Bought a pair of embroidered gloves for 165 gold pieces
  8467 | D:8      | Reached skill level 1 in Shields
  8552 | D:8      | HP: 15/62 [yak (3)]
  8557 | D:8      | HP: 13/62 [yak (2)]
  8563 | D:8      | HP: 6/62 [yak (8)]
  8569 | D:8      | HP: 4/62 [yak (3)]
  8881 | D:8      | Reached skill level 2 in Shields
  8888 | D:8      | Reached skill level 3 in Shields
  9098 | D:9      | Noticed a two-headed ogre
  9126 | D:9      | Killed a two-headed ogre
  9126 | D:9      | Reached skill level 5 in Shields
  9152 | D:9      | Gained mutation: You are missing an eye, making it more
                  | difficult to aim. [Ru sacrifice]
  9152 | D:9      | Reached ** piety under Ru
  9197 | D:9      | Reached skill level 3 in Fighting
  9317 | D:9      | Found a burning altar of Makhleb.
  9424 | D:9      | Reached skill level 3 in Dodging
  9491 | D:9      | Reached XP level 10. HP: 58/71 MP: 11/11
  9528 | D:9      | Reached skill level 4 in Fighting
  9630 | D:9      | Found a staircase to the Orcish Mines.
  9964 | D:9      | You fall through a shaft for 2 floors!
  9980 | D:11     | HP: 17/73 [killer bee (4)]
  9982 | D:11     | HP: 8/73 [killer bee (6)]
  9984 | D:11     | HP: 1/73 [killer bee (3)]
  9986 | D:11     | Slain by a killer bee

Levels and vault maps discovered:
D:1:      dpeg_arrival_connections, layout_basic, minmay_octomino_j4
D:2:      layout_basic
D:3:      layout_loops_ring, led_sif_book
D:4:      layout_basic, minmay_temple_entry_enclosed_plants, uniq_natasha
D:5:      layout_loops_ring, first_ration, st_stairs_14
D:6:      layout_rooms, gup_sewer_entry_pipe, chequers_jeans, dk_noncrumbling_3
D:7:      layout_loops_ring
D:8:      gammafunk_jiyva_shrine, layout_gridville, serial_shops, shop,
          st_stairs_8, blue_anna_alchemist [blue_anna_fruit_fields,
          blue_anna_fruit_fields], kennysheep_cluttered_room, uniq_maurice
D:9:      layout_long_grid, nicolae_overflow_hidden_temple, david_orc_4
D:11:     layout_stronghold, david_lair_generic, lemuel_oklob_altar
Temple:   nicolae_temple_the_god_donut

Skill      XL: |  1  2  3  4  5  6  7  8  9 10 |
---------------+-------------------------------+-----
Slings         | 4 5 6 7 8 9 |  9.0
Dodging        | 2 3 |  3.9
Short Blades   | 4 |  4.9
Stealth        | 2 |  2.2
Evocations     | 1 |  1.7
Shields        | 5 |  5.1
Fighting       | 3 4 |  4.8

Action                   |  1- 3 |  4- 6 |  7- 9 | 10-12 || total
-------------------------+-------+-------+-------+-------++-------
Melee: Dagger            |       |     1 |    88 |     6 ||    95
 Fire: Hunting sling     |    98 |   207 |   446 |    67 ||   818
Throw: Boomerang         |       |       |    11 |       ||    11
Invok: Sacrifice Arcana  |       |       |     1 |       ||     1
       Sacrifice an Eye  |       |       |     1 |       ||     1
Evoke: Wand              |       |       |    20 |     6 ||    26
  Use: Scroll            |     8 |       |    10 |       ||    18
Armor: Leather armour    |    10 |    16 |    84 |     8 ||   118
Dodge: Dodged            |    14 |    53 |   150 |    53 ||   270
Block: Buckler           |       |       |    11 |    14 ||    25

Table legend:
 A = Non-vault XP
 B = Vault XP
 C = Vault XP percentage of total XP
 D = Non-vault monster count
 E = Vault monster count
 F = Vault count percentage of total count
                 A         B        C        D         E       F
            +---------+---------+-------+---------+---------+-------
      Total |    5298 |    1362 |  20.5 |     161 |      30 |  15.7
            +---------+---------+-------+---------+---------+-------
        D:1 |      38 |       4 |   9.5 |      23 |       2 |   8.0
        D:2 |      90 |       0 |   0.0 |      17 |       0 |   0.0
        D:3 |      35 |      77 |  68.8 |      13 |       2 |  13.3
        D:4 |     375 |      36 |   8.8 |      25 |       1 |   3.8
        D:5 |     298 |       0 |   0.0 |      22 |       0 |   0.0
        D:6 |     348 |      13 |   3.6 |      11 |       5 |  31.2
        D:7 |     416 |       0 |   0.0 |       8 |       0 |   0.0
        D:8 |    1609 |     585 |  26.7 |      18 |       2 |  10.0
        D:9 |    1899 |     629 |  24.9 |      21 |      13 |  38.2
       D:11 |     190 |       0 |   0.0 |       3 |       0 |   0.0
      Sewer |       0 |      18 | 100.0 |       0 |       5 | 100.0
            +---------+---------+-------+---------+---------+-------

Levels and vault maps discovered:
D:1:      dpeg_arrival_connections, layout_basic, minmay_octomino_j4
D:2:      layout_basic
D:3:      layout_loops_ring, led_sif_book
D:4:      layout_basic, minmay_temple_entry_enclosed_plants, uniq_natasha
D:5:      layout_loops_ring, first_ration, st_stairs_14
D:6:      layout_rooms, gup_sewer_entry_pipe, chequers_jeans, dk_noncrumbling_3
D:7:      layout_loops_ring
D:8:      gammafunk_jiyva_shrine, layout_gridville, serial_shops, shop,
          st_stairs_8, blue_anna_alchemist [blue_anna_fruit_fields,
          blue_anna_fruit_fields], kennysheep_cluttered_room, uniq_maurice
D:9:      layout_long_grid, nicolae_overflow_hidden_temple, david_orc_4
D:11:     layout_stronghold, david_lair_generic, lemuel_oklob_altar
Temple:   nicolae_temple_the_god_donut

Table legend:
 A = Turns spent in this place as a percentage of turns spent in the entire game.
 B = Non-inter-level travel turns spent in this place as a percentage of non-inter-level travel turns spent in the entire game.
 C = Inter-level travel turns spent in this place as a percentage of turns spent in this place.
 D = Turns resting spent in this place as a percentage of non-inter-level travel turns spent in this place.
 E = Turns spent auto-exploring this place as a percentage of non-inter-level travel turns spent in this place.
 F = Non-inter-level travel turns spent in this place divided by the number of levels of this place that you've seen.
                   A       B       C       D       E      F
               +-------+-------+-------+-------+-------+----------------------
         Total | 100.0 | 100.0 |   9.0 |  24.0 |  57.7 | 757.2
       Dungeon |  95.0 |  94.8 |   9.2 |  24.4 |  57.8 | 861.1
        Temple |   2.6 |   2.6 |   8.5 |   0.0 |  96.6 | 237.0
         Sewer |   2.4 |   2.6 |   0.0 |  33.5 |  15.5 | 239.0
               +-------+-------+-------+-------+-------+----------------------

Table legend:
 A = Kills in this place as a percentage of kills in entire the game.
 B = Kills by you in this place as a percentage of kills by you in the entire game.
 C = Kills by friends in this place as a percentage of kills by friends in the entire game.
 D = Other kills in this place as a percentage of other kills in the entire game.
 E = Experience gained in this place as a percentage of experience gained in the entire game.
 F = Experience gained in this place divided by the number of levels of this place that you have seen.
                   A       B       C       D       E      F
               +-------+-------+-------+-------+-------+----------------------
         Total | 100.0 | 100.0 | 100.0 | 100.0 | 100.0 | 555.0
       Dungeon |  97.4 |  98.4 |  33.3 | 100.0 |  99.7 | 664.2
         Sewer |   2.6 |   1.6 |  66.7 |   0.0 |   0.3 |  18.0
               +-------+-------+-------+-------+-------+----------------------
